 Dungeon Crawl Stone Soup version 0.26-a0-771-g060e6a62af (webtiles) character file.

Game seed: 6641081886259212435

98 Peloso the Covered (level 4, -4/40 HPs)
             Began as a Minotaur Fighter on Nov 8, 2020.
             Slain by a gnoll
             ... wielding a +0 halberd
              (12 damage)
             ... on level 2 of the Dungeon.
             The game lasted 00:03:05 (1388 turns).

Peloso the Covered (Minotaur Fighter)               Turns: 1388, Time: 00:03:06

Health: -4/40      AC:  7    Str: 19 (21) XL:     4   Next: 44%
Magic:  3/3        EV:  7    Int:  4 (5)  God:
Gold:   57         SH:  9    Dex: 10      Spells: 3/3 levels left

rFire    . . .     SeeInvis .   a - +0 long sword
rCold    . . .     Faith    .   c - +0 kite shield
rNeg     . . .     Spirit   .   b - +0 scale mail
rPois    .         Reflect  .   (helmet restricted)
rElec    .         Harm     .   (no cloak)
rCorr    .         Rampage  .   (no gloves)
MR       .....                  (no boots)
Stlth    ..........             (no amulet)
HPRegen  0.13/turn              (no ring)
MPRegen  0.08/turn              (no ring)

@: no status effects
A: retaliatory headbutt, horns 2
a: no special abilities


You were on level 2 of the Dungeon.
You visited 1 branch of the dungeon, and saw 2 of its levels.

You collected 57 gold pieces.

Inventory:

Hand Weapons
 a - a +0 long sword (weapon)
Armour
 b - a +0 scale mail (worn)
 c - a +0 kite shield (worn)
Jewellery
 h - an uncursed ring of protection from fire {unknown}
 k - a cursed ring of teleportation {unknown}
Scrolls
 e - a scroll of blinking {unknown}
 f - 2 scrolls of identify {unknown}
 m - a scroll of amnesia {unknown}
 o - a scroll of teleportation {unknown}
Potions
 d - 2 potions of might
 g - a potion of curing
 i - a potion of heal wounds
 j - a potion of cancellation
 l - a potion of lignification {unknown}
 n - a potion of flight {unknown}


   Skills:
 + Level 4.1 Fighting
 + Level 3.8 Long Blades
 + Level 4.4 Armour
 + Level 0.6 Dodging
 + Level 4.3 Shields


You had 3 spell levels left.
You didn't know any spells.
Your spell library was empty.

Dungeon Overview and Level Annotations

Branches:
Dungeon (2/15)

Altars:


Innate Abilities, Weirdness & Mutations

You reflexively headbutt those who attack you in melee.
You have a pair of horns on your head.


Message History

The gnoll is severely wounded.
The gnoll misses you.
You hit the gnoll. Your headbutt misses the gnoll.
The gnoll is almost dead.
The gnoll hits you with a +0 halberd. You block the gnoll's attack.
You slash the gnoll!
You kill the gnoll!
The gnoll barely misses you.
You see here a +0 halberd.
The gnoll hits you with a +0 halberd!
* * * LOW HITPOINT WARNING * * *
You see here a +0 club.
You slash the gnoll!
The gnoll is almost dead.
The gnoll hits you with a +0 halberd.
* * * LOW HITPOINT WARNING * * *
You hit the gnoll but do no damage. Your headbutt misses the gnoll.
The gnoll is almost dead.
The gnoll hits you with a +0 halberd!
You die...

#.# #.# #.# #.. #.##
#..#
###########..#####
.?.....g@).......#####
##
####.######..........#
#. #..####..#####.
.........†.......
####..####..######
.........# ########..#
#..## #...#


You could see a gnoll.

Vanquished Creatures
  2 adders (D:2)
  2 gnolls (D:2)
  An ooze (D:1)
  2 dart slugs (D:1)
  A leopard gecko (D:1)
  5 giant cockroaches
  5 goblins (D:1)
  7 hobgoblins
  2 jackals (D:2)
  A ball python (D:2)
  4 bats
  2 frilled lizards
  7 kobolds
  9 rats
50 creatures vanquished.

Notes
Turn   | Place    | Note
-------+----------+-------------------------------------------
     0 | D:1      | Peloso the Minotaur Fighter began the quest for the Orb.
     0 | D:1      | Reached XP level 1. HP: 19/19 MP: 0/0
   203 | D:1      | Reached XP level 2. HP: 27/27 MP: 1/1
   322 | D:1      | Reached XP level 3. HP: 21/33 MP: 2/2
  1123 | D:2      | Reached XP level 4. HP: 40/40 MP: 3/3
  1388 | D:2      | Slain by a gnoll

Illustrated notes

Levels and vault maps discovered:
D:1:      psy_arrival_fountain, layout_basic, minivault_27
D:2:      layout_basic, nicolae_overflow_hidden_temple

Skill      XL: |  1  2  3 |
---------------+----------+-----
Armour         | 4 |  4.4
Fighting       | 4 |  4.1
Shields        | 4 |  4.3
Long Blades    | 3 |  3.8
Dodging        | |  0.6

Action                   |  1- 3 |  4- 6 || total
-------------------------+-------+-------++-------
Melee: Long sword        |    90 |    34 ||   124
       Headbutt          |    13 |     6 ||    19
  Use: Potion            |     4 |       ||     4
Armor: Scale mail        |    36 |    18 ||    54
Dodge: Dodged            |    23 |    13 ||    36
Block: Kite shield       |    55 |    26 ||    81
       Rpst.: Long sword |     7 |     2 ||     9

Table legend: (Time is in decaauts)
 A = Elapsed time spent in this place.
 B = Non-inter-level travel time spent in this place.
 C = Inter-level travel time spent in this place.
 D = Time resting spent in this place.
 E = Time spent auto-exploring this place.
 F = Levels seen in this place.
 G = Mean time per level.
                   A        B        C        D        E       F      G
               +--------+--------+--------+--------+--------+-----+--------+
         Total |   1429 |   1382 |     47 |      0 |   1031 |   2 |  714.5 |
       Dungeon |   1429 |   1382 |     47 |      0 |   1031 |   2 |  714.5 |
               +--------+--------+--------+--------+--------+-----+--------+

Top non-repeatable levels by time:
     D:1: 1044 daAuts
     D:2: 384 daAuts
